 Dungeon Crawl Stone Soup version 0.28.0-53-g5a82cb258f (webtiles) character file.

Game seed: 6600175581604410353

314866 safid the Messiah (level 21, -2/301 HPs)
             Began as a Hill Orc Fighter on June 8, 2022.
             Was the Champion of Beogh.
             Slain by an azure jelly (4 damage)
             ... on level 4 of the Pits of Slime on June 9, 2022.
             The game lasted 02:15:02 (42154 turns).

safid the Messiah (Hill Orc Fighter)               Turns: 42154, Time: 02:15:04

Health: -2/301     AC:  6    Str: 28    XL:     21   Next: 36%
Magic:  0/34       EV:  2    Int:  6    God:    Beogh [******]
Gold:   1423       SH: 13    Dex: 16    Spells: 20/20 levels left

rFire   . . .      SeeInvis .   p - +9 broad axe (vorpal)
rCold   + + .      Faith    .   z - +0 kite shield {rC+}
rNeg    . . .      Spirit   .   (armour currently unavailable)
rPois   +          Reflect  .   (helmet currently unavailable)
rElec   +          Harm     .   (cloak currently unavailable)
rCorr   .          Rampage  .   (gloves currently unavailable)
Will    ++...      NoTele   +   (boots currently unavailable)
Stlth   +.........              F - amulet "Fifoll" {RegenMP Regen+}
HPRegen 1.40/turn               R - ring "Zumigept" {rElec rC+ Dex+6}
MPRegen 0.64/turn               v - ring of willpower

@: tree-form, marked, engulfed, corroded
A: stationary, stasis, torment immunity, boosted hp, walk on water, dopey 1, low
MP 1, weak 1
}: 2/15 runes: decaying, serpentine
a: Renounce Religion, Smiting, Recall Orcish Followers, Give Item to Named
Follower, Resurrection


You were on level 4 of the Pits of Slime.
You worshipped Beogh.
Beogh was exalted by your worship.
You were a tree.
You visited 8 branches of the dungeon, and saw 41 of its levels.
You visited the Abyss 1 time.
You also visited: Ossuary, Gauntlet and Ice Cave.

You collected 3941 gold pieces.
You spent 2518 gold pieces at shops.

Inventory:

Hand Weapons
 p - a +9 vorpal broad axe (weapon)
Missiles
 a - 3 throwing nets
 e - 50 poisoned darts (quivered)
 h - 12 silver javelins
 s - 3 curare-tipped darts
Armour
 f - the +3 pair of seven-league boots (melded) {Rampage+∞}
   (You found it on level 5 of the Lair of Beasts)

   Its wearer moves as far as possible in that direction when moving towards
   enemies.
 o - a +0 cloak (melded)
 q - a +0 helmet (melded)
 t - the +3 Mad Mage's Maulers (melded) {Infuse+∞ RegenMP Int-3}
   (You found it in a Gauntlet)

   It empowers its wearer's blows with all of their magic.
   It causes its wearer's magical reserves to regenerate more quickly.
   Int:       It affects your intelligence (-3).
 z - a +0 kite shield of cold resistance (worn)
 W - a +7 crystal plate armour (melded)
Jewellery
 b - a ring of protection from fire
 l - a ring of positive energy
 r - the ring of Zuonibo {rPois AC+4 Slay-6 Stlth+}
   (You bought it in a shop on level 6 of the Dungeon)

   [ring of protection]

   AC:        It affects your AC (+4).
   Slay:      It affects your accuracy & damage with ranged weapons and melee
   (-6).
   rPois:     It protects you from poison.
   Stlth:     It makes you more stealthy.
 v - a ring of willpower (right branch)
 F - the amulet "Fifoll" (around neck) {RegenMP Regen+}
   (You bought it in a shop on level 6 of the Dungeon)

   [amulet of magic regeneration]

   It increases your rate of magic regeneration.
   Regen:     It increases your rate of health regeneration.
 R - the ring "Zumigept" (left branch) {rElec rC+ Dex+6}
   (You bought it in a shop on level 2 of the Orcish Mines)

   [ring of dexterity]

   Dex:       It affects your dexterity (+6).
   rC:        It protects you from cold.
   rElec:     It insulates you from electricity.
 Y - a ring of see invisible
Wands
 c - a wand of iceblast (37)
 y - a wand of digging (24)
 E - a wand of flame (14)
 H - a wand of charming (24)
 O - a wand of acid (14)
 U - a wand of polymorph (13)
 V - a wand of mindburst (14)
 X - a wand of paralysis (20)
Scrolls
 i - 3 scrolls of summoning
 u - 12 scrolls of teleportation
 x - 10 scrolls of fear
 C - 8 scrolls of magic mapping
 D - 4 scrolls of holy word
 I - a scroll of silence
 J - 5 scrolls of blinking
 P - 3 scrolls of fog
Potions
 d - 8 potions of might
 g - 9 potions of invisibility
 j - 2 potions of heal wounds
 k - 5 potions of lignification
 m - 7 potions of curing
 n - a potion of flight
 w - 5 potions of ambrosia
 B - 14 potions of mutation
 G - a potion of cancellation
 K - 5 potions of resistance
 L - a potion of berserk rage
 M - a potion of brilliance
 S - 6 potions of haste
 T - 2 potions of magic
Miscellaneous
 A - a box of beasts
 Z - a lightning rod (4/4)


   Skills:
 + Level 20.0 Fighting
 - Level 18.0 Axes
 - Level 20.0 Armour
 - Level 2.0 Dodging
 - Level 14.0 Shields
 O Level 27 Invocations
 - Level 8.0 Evocations


You had 20 spell levels left.
You didn't know any spells.
Your spell library contained the following spells:

 Spells                   Type           Power      Damage    Failure   Level
 Beastly Appendage        Tmut           0%         N/A       67%         1
 Magic Dart               Conj           0%         1d3       67%         1
 Sandblast                Erth           0%         2d4       67%         1
 Slow                     Hex            0%         N/A       67%         1
 Summon Small Mammal      Summ           0%         N/A       67%         1
 Blink                    Tloc           0%         N/A       80%         2
 Corpse Rot               Necr/Air       0%         N/A       80%         2
 Ensorcelled Hibernation  Hex/Ice        0%         N/A       80%         2
 Passwall                 Tmut/Erth      0%         N/A       80%         2
 Poisonous Vapours        Pois/Air       0%         N/A       80%         2
 Scorch                   Fire           0%         2d5       80%         2
 Searing Ray              Conj           0%         2d4       80%         2
 Static Discharge         Conj/Air       0%         N/A       80%         2
 Sublimation of Blood     Necr           0%         N/A       80%         2
 Wereblood                Tmut           0%         N/A       80%         2
 Call Canine Familiar     Summ           0%         N/A       95%         3
 Confusing Touch          Hex            0%         N/A       95%         3
 Frozen Ramparts          Ice            0%         1d2       95%         3
 Ozocubu's Armour         Ice            0%         N/A       95%         3
 Portal Projectile        Hex/Tloc       0%         N/A       95%         3
 Spider Form              Tmut/Pois      0%         N/A       95%         3
 Stone Arrow              Conj/Erth      0%         3d7       95%         3
 Summon Guardian Golem    Hex/Summ       0%         N/A       95%         3
 Swiftness                Air            0%         N/A       95%         3
 Vampiric Draining        Necr           0%         2d6       95%         3
 Animate Armour           Summ/Erth      0%         N/A       100%        4
 Flame Wave               Conj/Fire      0%         2d4       100%        4
 Fulminant Prism          Conj/Hex       0%         3d6       100%        4
 Petrify                  Tmut/Erth      0%         N/A       100%        4
 Blade Hands              Tmut           0%         N/A       100%        5
 Excruciating Wounds      Necr           0%         N/A       100%        5
 Irradiate                Conj/Tmut      0%         3d14      100%        5
 Lightning Bolt           Conj/Air       0%         1d11      100%        5
 Manifold Assault         Tloc           0%         N/A       100%        5
 Summon Forest            Summ/Tloc      0%         N/A       100%        5
 Summon Mana Viper        Hex/Summ       0%         N/A       100%        5
 Iron Shot                Conj/Erth      0%         9d1       100%        6
 Summon Cactus Giant      Summ           0%         N/A       100%        6
 Storm Form               Tmut/Air       0%         N/A       100%        7
 Lehudib's Crystal Spear  Conj/Erth      0%         10d2      100%        8
 Maxwell's Capacitive Co  Air            0%         ∞         100%        8
 Dragon's Call            Summ           0%         N/A       100%        9
 Shatter                  Erth           0%         3d5*      100%        9


Dungeon Overview and Level Annotations

Branches:
Dungeon (15/15)            Temple (0/1) D:5            Lair (6/6) D:10
  Swamp (4/4) Lair:3        Snake (4/4) Lair:2        Slime (5/5) Lair:5
    Orc (2/2) D:10            Elf (0/3) Orc:2        Vaults (1/5) D:13
 Depths (4/4) D:15            Zot (0/5) Depths:4    Ossuary (visited)
  IceCv (visited)         Gauntlet (visited)

Altars:
Cheibriados
Dithmenos
Gozag
Kikubaaqudgha
Makhleb
Vehumet
Zin
Beogh
Jiyva

Shops:
D:5 *   D:6 **=(   D:9 =   D:14 *   Orc:1 [   Orc:2 =(!:   Snake:1 (
Depths:3 [?(

Portals:
Hell: Depths:1 Depths:3 Depths:4
Abyss: Depths:1 Depths:2 Depths:3
Pandemonium: Depths:2
Ziggurat: Depths:3

Annotations:
D:14 1 runed translucent door
Depths:2 exclusion: 2 statues


Innate Abilities, Weirdness & Mutations

You are a tree.
Your roots penetrate the ground, keeping you stationary.
You cannot be teleported.
You are immune to unholy pain and torment.
Your maximum health is greatly increased.
Your equipment is partially melded.
You can walk on water.
You are dopey. (Int -2)
Your magical capacity is low. (-10% MP)
You are weak. (Str -2)


Message History

The azure jelly closely misses you. You block the azure jelly's attack.
The azure jelly barely misses you. You block the azure jelly's attack.
Your orc closely misses the azure jelly.
Your orc knight shoots a bolt.
The bolt hits the azure jelly!!
The quicksilver ooze hits you. The quicksilver ooze barely misses you.
You cannot read scrolls while unable to breathe!
Really quaff the potion of lignification?
You turn into a tree.
Your +0 cloak melds into your body.
Your +0 helmet melds into your body.
The +3 Mad Mage's Maulers {Infuse+∞ RegenMP Int-3} melds into your body.
The +3 pair of seven-league boots {Rampage+∞} melds into your body.
Your +7 crystal plate armour melds into your body.
The surge of magic dissipates.
You no longer feel ready to stride towards your foes.
Your roots penetrate the ground.
The azure jelly hits you but does no damage.
You block the azure jelly's attack. The azure jelly hits you!
* * * LOW HITPOINT WARNING * * *
You block the azure jelly's attack. The quicksilver ooze hits you.
The quicksilver ooze hits you!
* * * LOW HITPOINT WARNING * * *
You feel your power leaking away.
Olfrun hits the azure jelly with a +0 short sword!
Your orc hits the azure jelly but does no damage.
The golden eye blinks at you. You resist with almost no effort.
Your orc knight shoots a bolt.
The bolt barely misses the azure jelly.
You slice the golden eye!!
You kill the golden eye!
Beogh accepts your kill.
You slash the azure jelly! You slash the quicksilver ooze!
The quicksilver ooze hits you!
* * * LOW HITPOINT WARNING * * *
The quicksilver ooze hits you but does no damage.
The azure jelly hits you.
* * * LOW HITPOINT WARNING * * *
The azure jelly freezes you! You resist.
* * * LOW HITPOINT WARNING * * *
The azure jelly barely misses you. The azure jelly hits you.
You die...

...........#
##..........#
##.#.........#
#.............
##............
#.............
###...oJo....#.
#......♣J......
.....o.........
#.#....<.......
...............
#.............#
...............
#..............
.........#.....
........##......


You could see an azure jelly (ally target), a quicksilver ooze, a friendly orc
knight, the friendly Olfrun the orc priest and a friendly orc.

Vanquished Creatures
  A juggernaut (Depths:3)
  Sojobo (Depths:4)
  Saint Roka (Snake:2)
  Jory (Depths:4)
  A bone dragon (Depths:4)
  An Ice Fiend (IceCv)
  4 acid blobs
  Agnes (D:15)
  A thorn hunter (Swamp:4)
  A tengu reaver (Depths:4)
  7 nagarajas (Snake:4)
  A fenstrider witch (Swamp:3)
  A rockslime (Slime:2)
  2 frost giants
  2 azure jellies
  A deep elf sorcerer (Depths:2)
  A balrug (Abyss:2)
  Aizul (Swamp:1)
  A draconian stormcaller (Depths:4)
  5 quicksilver oozes
  10 stone giants
  9 very ugly things
  A red draconian (Depths:4)
  A yellow draconian (Depths:4)
  4 bunyips
  4 eleionomae
  4 spark wasps
  A deep elf annihilator (Depths:2)
  A minotaur (Gauntlet)
  2 dire elephants (Lair:6)
  3 ettins
  A bunyip (shapeshifter) (Depths:4)
  A purple draconian (Depths:4)
  A merfolk impaler (Depths:2)
  2 fire dragons (Depths:4)
  4 great orbs of eyes
  A shambling mangrove (Swamp:2)
  Fannar (Lair:1)
  3 ice dragons
  19 hydras
  The ghost of Imhoden the Protected, a journeyman MiFi of Trog (Lair:1)
  6 naga warriors
  2 death knights (D:15)
  3 ogre magi (Orc:2)
  Erolcha (Orc:1)
  3 vault guards (D:13)
  A salamander tyrant (Snake:4)
  7 anacondas
  A centaur warrior (D:14)
  10 two-headed ogres
  8 alligators
  2 ghost crabs
  A hell hog (Depths:4)
  4 deep troll earth magi
  13 death yaks
  4 deep troll shamans
  2 tengu warriors
  6 naga sharpshooters
  A vampire mage (Depths:2)
  2 thrashing horrors (Abyss:2)
  Urug (Lair:1)
  2 spriggan berserkers
  4 shock serpents
  2 hell knights
  2 iron trolls
  A salamander mystic (Snake:4)
  3 goliath frogs (Swamp:1)
  7 sun demons (Depths:4)
  A spectral anaconda (Lair:6)
  2 skeletal warriors (D:15)
  A spatial maelstrom (Abyss:2)
  5 spriggan druids
  12 deep trolls
  4 swamp dragons
  3 spriggan simulacra (IceCv)
  2 glowing orange brains
  9 bog bodies
  A wizard (Depths:1)
  3 deep elf pyromancers
  A naga ritualist (Snake:4)
  An obsidian statue (IceCv)
  An orc knight (Orc:1)
  A phantasmal warrior (D:15)
  A lindwurm (Lair:4)
  4 orc sorcerers
  2 necromancers (Lair:6)
  8 mana vipers
  A manticore (D:15)
  18 ugly things
  5 cyclopes
  3 shining eyes
  4 will-o-the-wisps
  A human zombie (Abyss:2)
  11 salamanders
  A centaur zombie (D:10)
  An apocalypse crab (Gauntlet)
  An elephant (Lair:6)
  11 naga magi
  4 guardian serpents (Snake:4)
  24 black mambas
  A smoke demon (Abyss:2)
  16 cane toads
  3 eyes of devastation
  2 gargoyles
  4 komodo dragons
  4 rime drakes
  2 kobold demonologists
  4 entropy weaver simulacra (IceCv)
  A tengu conjurer (Depths:2)
  6 freezing wraiths
  2 anaconda simulacra (IceCv)
  8 ice devils (IceCv)
  A harpy zombie (Abyss:2)
  A queen bee (Lair:5)
  4 trolls
  A bloated husk (Swamp:1)
  3 meliai (Lair:5)
  Prince Ribbit (D:7)
  5 polar bears
  6 raiju (Abyss:2)
  6 tyrant leeches
  8 hornets
  12 blink frogs
  64 slime creatures
  3 dream sheep (Lair:6)
  A meliai zombie (D:10)
  7 spriggans
  2 large abominations (Abyss:2)
  3 water elementals (Depths:2)
  Sigmund (D:5)
  49 yaks
  3 shadows
  6 centaur simulacra
  A spectral komodo dragon (Lair:1)
  Eustachio (D:5)
  6 wyverns
  12 golden eyes
  A wraith (D:12)
  2 basilisks
  2 small abominations (Abyss:2)
  2 dire elephant simulacra (IceCv)
  A death yak simulacrum (Lair:1)
  A spectral cane toad (Lair:6)
  A harpy simulacrum (IceCv)
  8 swamp worms
  8 vampire mosquitoes
  4 minotaur simulacra (IceCv)
  6 wargs
  An acid dragon (D:13)
  22 nagas
  19 water moccasins
  2 hydra simulacra
  8 orc warriors
  5 swamp drakes
  3 ice beasts
  Duvessa (D:5)
  2 black bears
  3 necrophages
  An elephant zombie (Lair:6)
  3 sky beasts
  3 alligator simulacra (IceCv)
  A black mamba simulacrum (Lair:1)
  9 centaurs
  21 wolves
  20 ogres
  A kobold brigand (D:13)
  Blork the orc (D:6)
  7 bullfrogs
  2 gnoll sergeants
  A scorpion (D:6)
  7 deep troll simulacra (IceCv)
  5 water moccasin zombies (Ossuary)
  A hornet simulacrum (D:14)
  Dowan (D:5)
  2 water moccasin skeletons
  24 killer bees
  3 lindwurm simulacra (IceCv)
  5 wights (D:7)
  3 howler monkeys
  3 electric eels (D:6)
  A quasit (Abyss:2)
  3 hounds
  2 jellies
  A bullfrog skeleton (D:5)
  An orc priest (Orc:1)
  A centaur skeleton (D:7)
  Ijyb (D:4)
  3 iguanas (D:5)
  26 orc wizards
  3 hell rats (Lair:6)
  A killer bee zombie (D:8)
  3 mummies
  A howler monkey zombie (D:9)
  11 gnolls
  2 adders
  A white imp (D:6)
  2 ufetubi (D:14)
  5 adder zombies (Ossuary)
  An adder skeleton (D:4)
  10 dart slugs
  26 orcs
  8 bats
  5 endoplasms
  2 giant cockroaches
  A gnoll zombie (Ossuary)
  16 goblins
  11 hobgoblins
  8 jackals (D:1)
  14 kobolds
  4 quokkas
  10 ball pythons
  2 frilled lizards
  5 hobgoblin zombies
  9 kobold zombies
  4 orc zombies (Ossuary)
  2 rats (D:1)
  A lurking horror (Abyss:2)
  A plant (Depths:2)
1049 creatures vanquished.

Vanquished Creatures (collateral kills)
  A juggernaut (Depths:4)
  Bai Suzhen (Snake:4)
  Nikola (Snake:3)
  the Enchantress (Depths:2)
  An iron giant (Depths:3)
  A tentacled monstrosity (Swamp:3)
  2 quicksilver dragons
  A lich (Depths:4)
  2 walking earthen tomes (Depths:3)
  2 storm dragons (Depths:4)
  A tengu reaver (Depths:4)
  A fenstrider witch (Swamp:2)
  A fire giant (Depths:4)
  7 nagarajas (Snake:4)
  3 frost giants
  An iron dragon (Depths:3)
  Louise (Swamp:3)
  4 spriggan defenders (Depths:2)
  15 very ugly things
  A draconian annihilator (Depths:4)
  3 stone giants
  A black draconian (Depths:4)
  A vampire knight (Depths:4)
  A red draconian (Depths:4)
  2 white draconians (Depths:4)
  A bunyip (Swamp:3)
  A purple draconian (Depths:4)
  2 spark wasps
  An ettin (Depths:3)
  2 fire dragons
  2 ice dragons
  A shambling mangrove (Swamp:4)
  5 naga warriors (Snake:4)
  2 great orbs of eyes
  A rakshasa (Depths:1)
  10 hydras
  4 spriggan air magi (Depths:2)
  3 salamander tyrants (Snake:4)
  3 ghost crabs
  3 anacondas
  5 vault guards (D:13)
  4 boulder beetles
  5 alligators
  3 centaur warriors
  2 two-headed ogres
  4 deep troll shamans
  5 death yaks (Lair:6)
  A tengu warrior (Depths:2)
  A deep troll earth mage (Depths:2)
  2 spriggan berserkers (Depths:2)
  Nergalle (Orc:2)
  A hell knight (Depths:3)
  11 naga sharpshooters
  8 iron trolls
  4 salamander mystics (Snake:4)
  5 sun demons (Depths:4)
  A spectral death yak (Lair:6)
  2 skeletal warriors (D:15)
  A goliath frog (Swamp:1)
  A spriggan druid (Swamp:3)
  7 swamp dragons
  3 naga ritualists (Snake:2)
  7 deep trolls
  An obsidian statue (Lair:6)
  A necromancer (Lair:6)
  A wizard (Depths:2)
  A phantasmal warrior (D:15)
  2 bog bodies (Swamp:2)
  3 mana vipers
  2 will-o-the-wisps (Swamp:3)
  16 ugly things
  An orc sorcerer (Orc:2)
  2 salamanders (Snake:4)
  A manticore (D:14)
  2 cyclopes
  8 naga magi
  9 elephants (Lair:6)
  A dire elephant zombie (Lair:6)
  12 black mambas
  A guardian serpent (Lair:5)
  An eye of devastation (Depths:4)
  A cane toad (Lair:6)
  A hellion (Depths:4)
  A rime drake (Lair:6)
  2 freezing wraiths
  An entropy weaver simulacrum (IceCv)
  A kobold demonologist (D:13)
  A komodo dragon (Lair:6)
  An ice devil (IceCv)
  2 tengu conjurers (Depths:4)
  2 tyrant leeches
  2 trolls
  A polar bear (Lair:6)
  A dream sheep (Lair:6)
  7 slime creatures
  3 blink frogs (Lair:6)
  10 hornets
  2 spectral elephants (Lair:6)
  A spectral black mamba (Lair:1)
  8 spriggans
  9 yaks
  A fire elemental (Depths:4)
  5 golden eyes
  A spectral komodo dragon (Lair:1)
  A basilisk (Lair:6)
  3 death yak simulacra
  3 vampire mosquitoes
  A warg (Orc:1)
  4 swamp worms
  13 nagas
  An acid dragon (D:13)
  A water moccasin (Lair:6)
  5 orc warriors
  4 swamp drakes (Swamp:4)
  An elephant zombie (Lair:6)
  4 ogres
  An elephant skeleton (Lair:6)
  2 centaurs
  2 deep troll simulacra (IceCv)
  An elephant simulacrum (Lair:6)
  4 orc priests
  4 hell rats (Lair:6)
  5 orc wizards
  2 orcs
  3 plants (Depths:2)
375 creatures vanquished.

Vanquished Creatures (others)
  An orc high priest (Lair:1)
  7 orc knights
  A goliath frog (Swamp:4)
  2 wizards (Depths:1)
  4 orc sorcerers
  13 orc warriors
  36 orcs
  5 orc priests
  8 orc wizards
  A goblin (Depths:2)
  A bush (Lair:3)
  14 foxfires
  53 fungi
  86 plants
  19 withered plants (Lair:6)
251 creatures vanquished.

Grand Total: 1675 creatures vanquished

Notes
Turn   | Place    | Note
-------+----------+-------------------------------------------
     0 | D:1      | safid the Hill Orc Fighter began the quest for the Orb.
     0 | D:1      | Reached XP level 1. HP: 19/19 MP: 1/1
   288 | D:1      | Reached XP level 2. HP: 27/27 MP: 2/2
   468 | D:1      | Reached XP level 3. HP: 20/33 MP: 3/3
   820 | D:1      | Found a faded altar of an unknown god.
  1500 | D:2      | Reached XP level 4. HP: 40/40 MP: 4/4
  2742 | D:3      | Reached skill level 5 in Axes
  2742 | D:3      | Reached XP level 5. HP: 46/46 MP: 5/5
  3142 | D:4      | Found a snail-covered altar of Cheibriados.
  3246 | D:4      | Noticed Ijyb
  3298 | D:4      | Killed Ijyb
  3403 | D:4      | Found a sand-covered staircase.
  3408 | D:4      | Reached XP level 6. HP: 47/52 MP: 6/6
  3411 | Ossuary  | Entered an ossuary
  3672 | Ossuary  | Reached XP level 7. HP: 57/59 MP: 7/7
  3937 | D:4      | Reached skill level 10 in Axes
  4016 | D:4      | Identified the +0 scale mail of Kueruc {Will+ Int+2 Stlth+}
  4434 | D:5      | Entered Level 5 of the Dungeon
  4466 | D:5      | Noticed Sigmund
  4481 | D:5      | Killed Sigmund
  4482 | D:5      | Reached XP level 8. HP: 41/66 MP: 8/8
  4726 | D:5      | Noticed Eustachio
  4731 | D:5      | Killed Eustachio
  4909 | D:5      | Found Baquolus's Assorted Antiques.
  4953 | D:5      | Found a staircase to the Ecumenical Temple.
  5780 | D:6      | Found Cenniupick's Weapon Emporium.
  5790 | D:6      | Found Vosioser's Jewellery Boutique.
  5853 | D:6      | Noticed Blork the orc
  5858 | D:6      | Noticed Dowan
  5861 | D:6      | Noticed Duvessa
  6059 | D:5      | Killed Duvessa
  6060 | D:5      | Killed Dowan
  6325 | D:6      | Killed Blork the orc
  6326 | D:6      | Reached XP level 9. HP: 55/71 MP: 9/9
  6621 | D:6      | Found Gopesu's Assorted Antiques.
  6628 | D:6      | Bought a coiled bronze amulet for 130 gold pieces
  6628 | D:6      | Identified the amulet "Fifoll" {RegenMP Regen+} (You bought
                  | it in a shop on level 6 of the Dungeon)
  6718 | D:6      | Reached skill level 15 in Axes
  6798 | D:6      | Found Ylogi's General Store.
  7095 | D:7      | Reached skill level 5 in Fighting
  7265 | D:7      | Reached XP level 10. HP: 67/84 MP: 10/10
  7835 | D:8      | Noticed Prince Ribbit
  7864 | D:7      | Killed Prince Ribbit
  7996 | D:8      | Reached skill level 10 in Fighting
  8064 | D:8      | Became a worshipper of Beogh the Brigand
  8377 | D:8      | Noticed a lindwurm
  8673 | D:8      | Noticed a lindwurm
  8673 | D:8      | Noticed a lindwurm
  8961 | D:9      | Noticed a two-headed ogre
  8969 | D:9      | Killed a two-headed ogre
  8970 | D:9      | Reached skill level 3 in Invocations
  9089 | D:9      | Noticed a kobold demonologist
  9092 | D:9      | Noticed an orange demon
  9106 | D:9      | Killed a kobold demonologist
  9106 | D:9      | Reached * piety under Beogh
  9107 | D:9      | Reached skill level 4 in Invocations
  9107 | D:9      | Reached XP level 11. HP: 48/104 MP: 12/14
  9124 | D:9      | Reached skill level 5 in Invocations
  9216 | D:9      | Noticed a boulder beetle
  9225 | D:9      | Killed a boulder beetle
  9226 | D:9      | Reached skill level 7 in Invocations
  9238 | D:9      | Found Duah's Jewellery Shoppe.
  9586 | D:10     | Entered Level 10 of the Dungeon
  9820 | D:10     | Found a staircase to the Lair.
  9827 | D:10     | Reached skill level 8 in Invocations
  9950 | D:10     | Found a staircase to the Orcish Mines.
  9979 | D:10     | Paralysed by a hornet for 3 turns
  9987 | D:10     | Reached skill level 1 in Dodging
 10240 | Lair:1   | Entered Level 1 of the Lair of Beasts
 10240 | Lair:1   | Noticed Urug
 10260 | D:10     | Reached skill level 5 in Armour
 10356 | Lair:1   | Killed Urug
 10357 | Lair:1   | Reached skill level 9 in Invocations
 10508 | Lair:1   | Identified the +1 mace "Ryapp" {freeze, rN+}
 10563 | Lair:1   | Noticed Fannar
 10584 | Lair:1   | Killed Fannar
 10685 | Lair:1   | Reached skill level 10 in Invocations
 10760 | Lair:1   | Reached ** piety under Beogh
 10853 | Lair:1   | Reached XP level 12. HP: 81/112 MP: 20/20
 10866 | Lair:1   | Reached skill level 11 in Invocations
 11357 | Lair:1   | Found a runed translucent gate.
 11357 | Lair:1   | Found a runed translucent gate.
 11357 | Lair:1   | Found a runed translucent gate.
 11358 | Lair:1   | Noticed Imhoden's ghost (journeyman MiFi)
 11707 | Lair:2   | Noticed a six-headed hydra
 11724 | Lair:2   | Killed an 18-headed hydra
 11890 | Lair:2   | Found a staircase to the Snake Pit.
 12014 | Lair:2   | Reached skill level 12 in Invocations
 12493 | Lair:3   | Noticed an eight-headed hydra
 12529 | Lair:2   | Killed a 19-headed hydra
 12911 | Lair:2   | Reached *** piety under Beogh
 12914 | Lair:2   | Reached skill level 13 in Invocations
 13032 | Lair:3   | Reached skill level 10 in Armour
 13032 | Lair:3   | Reached XP level 13. HP: 117/122 MP: 22/22
 13111 | Lair:3   | Found a staircase to the Swamp.
 13639 | Lair:4   | Reached skill level 14 in Invocations
 14674 | Lair:5   | Found a staircase to the Slime Pits.
 14674 | Lair:5   | Found a viscous altar of Jiyva.
 15079 | Lair:5   | Gained Olfik as an ally
 15080 | Lair:5   | Reached **** piety under Beogh
 15200 | Lair:5   | Reached XP level 14. HP: 125/132 MP: 24/24
 15426 | Lair:5   | Found the +3 pair of seven-league boots {Rampage+∞}
 15643 | Lair:6   | Entered Level 6 of the Lair of Beasts
 15657 | Lair:6   | Reached skill level 15 in Armour
 15674 | Lair:6   | Gained Margrim as an ally
 15831 | Lair:6   | Reached skill level 1 in Evocations
 16326 | Lair:6   | Noticed a dire elephant
 16326 | Lair:6   | Noticed a dire elephant
 16843 | Lair:6   | Killed a dire elephant
 16844 | Lair:6   | Reached skill level 15 in Invocations
 16844 | Lair:6   | Reached XP level 15. HP: 80/134 MP: 26/26
 16975 | Lair:6   | Got the Guide on Calling
 17178 | Orc:1    | Entered Level 1 of the Orcish Mines
 17282 | Orc:1    | You fall into a shaft and drop 1 floor!
 17282 | Orc:2    | Entered Level 2 of the Orcish Mines
 17282 | Orc:2    | Found a roughly hewn altar of Beogh.
 17282 | Orc:2    | Found Regoac's Jewellery Shop.
 17287 | Orc:2    | Found Wiabur's Distillery.
 17321 | Orc:2    | Reached skill level 15 in Fighting
 17325 | Orc:2    | Reached ***** piety under Beogh
 17325 | Orc:2    | Noticed Nergalle
 17326 | Orc:2    | Found a radiant altar of Vehumet.
 17351 | Orc:2    | Killed Nergalle
 17411 | Orc:2    | Found an ancient bone altar of Kikubaaqudgha.
 17413 | Orc:2    | Found Yquotaem's Book Boutique.
 17475 | Orc:2    | Found Yloenk's Antique Weapon Boutique.
 17625 | Orc:2    | Reached skill level 5 in Evocations
 17655 | Orc:2    | Found a roughly hewn altar of Beogh.
 17845 | Orc:2    | Bought the ring "Zumigept" {rElec rC+ Dex+6} for 1113 gold
                  | pieces
 18047 | Orc:2    | Found a staircase to the Elven Halls.
 18326 | Orc:1    | Found Omuet's Antique Armour Shoppe.
 18349 | Orc:1    | Found a roughly hewn altar of Beogh.
 18698 | Orc:1    | Noticed Erolcha
 18720 | Orc:1    | Killed Erolcha
 19042 | D:11     | Paralysed by a hornet for 1 turns
 19644 | D:12     | Found a gate leading to a gauntlet.
 19653 | Gauntlet | Entered a Gauntlet
 19653 | Gauntlet | Found a transporter.
 19653 | Gauntlet | Found a transporter.
 19653 | Gauntlet | Found a transporter.
 19654 | Gauntlet | Found a transporter.
 19657 | Gauntlet | Found a transporter.
 19668 | Gauntlet | Found a transporter.
 19689 | Gauntlet | Found a transporter.
 19711 | Gauntlet | Found a transporter.
 19731 | Gauntlet | Found a transporter.
 19737 | Gauntlet | Found a transporter.
 19755 | Gauntlet | Found a transporter.
 19809 | Gauntlet | Found the +3 Mad Mage's Maulers {Infuse+∞ RegenMP Int-3}
 19811 | Gauntlet | Found a transporter.
 19940 | Gauntlet | Reached skill level 16 in Invocations
 20044 | Gauntlet | Identified the +0 robe of Chimes {Stlth+}
 20374 | Orc:2    | Bought a broad axe for 76 gold pieces
 20501 | Lair:1   | Killed Imhoden's ghost
 20503 | Lair:1   | Your ally Olfik died
 20769 | D:12     | Reached ****** piety under Beogh
 21214 | D:13     | Found a gate to the Vaults.
 21246 | D:13     | Reached skill level 5 in Shields
 21895 | D:13     | Reached XP level 16. HP: 151/151 MP: 1/28
 22138 | D:13     | Found a roughly hewn altar of Beogh.
 22335 | D:14     | Found Gog Opp's General Store.
 22370 | D:14     | Bought a scroll of noise for 12 gold pieces
 22370 | D:14     | Bought a scroll of identify for 24 gold pieces
 22370 | D:14     | Bought a scroll of identify for 24 gold pieces
 22393 | D:14     | Found a runed translucent door.
 22811 | D:14     | Found a glowing silver altar of Zin.
 22983 | D:15     | Entered Level 15 of the Dungeon
 23256 | D:15     | Gained Boghold as an ally
 23344 | D:15     | Noticed Agnes
 23348 | D:15     | Killed Agnes
 23906 | D:15     | Found a staircase to the Depths.
 24126 | D:6      | Bought the ring of Zuonibo {rPois AC+4 Slay-6 Stlth+} for
                  | 504 gold pieces
 24290 | Snake:1  | Entered Level 1 of the Snake Pit
 24363 | Snake:1  | Found Teom Vew's Weapon Shop.
 24414 | Snake:1  | Bought a throwing net for 39 gold pieces
 24871 | Snake:1  | Gained Olfik as an ally
 25311 | Snake:2  | Gained Ognian as an ally
 25340 | Snake:2  | Noticed Saint Roka
 25347 | Snake:2  | Killed Saint Roka
 25539 | Snake:2  | Your ally Ognian died
 25694 | Snake:2  | Got Lee's Guide on Clay
 25712 | Snake:2  | Reached skill level 10 in Shields
 25857 | Snake:2  | Reached XP level 17. HP: 151/158 MP: 1/29
 26377 | Snake:3  | Gained Wardok as an ally
 26704 | Snake:3  | Noticed Nikola
 26711 | Snake:3  | Killed Nikola
 26974 | Snake:4  | Entered Level 4 of the Snake Pit
 27038 | Snake:4  | Your ally Boghold died
 28030 | Snake:4  | Reached skill level 17 in Invocations
 28225 | Snake:4  | Got a serpentine rune of Zot
 28724 | Snake:4  | Noticed Bai Suzhen
 28732 | Snake:4  | Gained Morun as an ally
 28743 | Snake:4  | Your ally Morun died
 28752 | Snake:4  | Killed Bai Suzhen
 28753 | Snake:4  | Reached XP level 18. HP: 88/169 MP: 0/30
 29232 | Depths:1 | Entered Level 1 of the Depths
 29250 | Depths:1 | Found a one-way gate to the infinite horrors of the Abyss.
 29566 | Depths:1 | Your ally Wardok died
 29767 | Depths:1 | Found an opulent altar of Gozag.
 29774 | Depths:1 | Reached skill level 18 in Invocations
 29779 | Depths:1 | Gained Alork as an ally
 29812 | Depths:1 | Found a gateway to Hell.
 30346 | Depths:2 | Noticed the Enchantress
 30356 | Depths:2 | Killed the Enchantress
 30769 | Depths:2 | Cast into level 2 of the Abyss (a deep elf sorcerer)
 30860 | Abyss:2  | Found a corrupted altar of Lugonu.
 31079 | Depths:2 | Escaped the Abyss
 31233 | Depths:2 | Identified the +2 war axe "Hill Orc's Death" {elec, Str+3}
 31537 | Depths:2 | Reached skill level 19 in Invocations
 32074 | Depths:2 | Found a one-way gate leading to the halls of Pandemonium.
 32178 | Depths:3 | Noticed a juggernaut
 32178 | Depths:3 | Noticed an iron giant
 32179 | Depths:3 | Noticed a walking earthen tome
 32180 | Depths:3 | Noticed a walking earthen tome
 32187 | Depths:3 | Killed a juggernaut
 32188 | Depths:3 | Reached XP level 19. HP: 180/180 MP: 1/32
 32516 | Swamp:1  | Entered Level 1 of the Swamp
 32730 | Swamp:1  | Noticed Aizul
 32734 | Swamp:1  | Killed Aizul
 32920 | Swamp:1  | Gained Borgoth as an ally
 33595 | Swamp:2  | Found a frozen archway.
 33601 | IceCv    | Entered an ice cave
 33955 | IceCv    | Noticed an Ice Fiend
 33980 | IceCv    | Killed an Ice Fiend
 34093 | IceCv    | Got the Incunabulum of the Frostbite
 34253 | IceCv    | Reached skill level 20 in Invocations
 34326 | IceCv    | Gained Norbak as an ally
 34691 | Swamp:2  | Your ally Norbak died
 34910 | Swamp:2  | You fall into a shaft and drop 1 floor!
 34997 | Swamp:2  | Gained Wulfoc as an ally
 35009 | Swamp:2  | Found an ancient bone altar of Kikubaaqudgha.
 35655 | Swamp:3  | Found a burning altar of Makhleb.
 35743 | Swamp:3  | Noticed Louise
 35749 | Swamp:3  | Noticed a tentacled monstrosity
 35759 | Swamp:3  | Killed a tentacled monstrosity
 35762 | Swamp:3  | Killed Louise
 36160 | Swamp:4  | Entered Level 4 of the Swamp
 36287 | Swamp:4  | Gained Learuk as an ally
 36398 | Swamp:4  | Reached skill level 21 in Invocations
 36710 | Swamp:4  | Reached XP level 20. HP: 81/193 MP: 1/34
 36714 | Swamp:4  | Your ally Alork died
 37029 | Swamp:4  | Got a decaying rune of Zot
 37398 | Vaults:1 | Entered Level 1 of the Vaults
 37528 | Depths:3 | Killed an iron giant
 37529 | Depths:3 | Reached skill level 22 in Invocations
 37593 | Depths:3 | Found the +10 dark maul {vorpal}
 37622 | Depths:3 | Found a shadowy altar of Dithmenos.
 37708 | Depths:3 | Found Apenk's Antique Weapon Shoppe.
 37710 | Depths:3 | Found Rexaug's Magic Scroll Emporium.
 37710 | Depths:3 | Found Ynkeiliu's Armour Shoppe.
 37711 | Depths:3 | Bought a dazzling spear for 312 gold pieces
 37711 | Depths:3 | Identified the +6 spear of Anger {vorpal, Int+2} (You
                  | bought it in a shop on level 3 of the Depths)
 37713 | Depths:3 | Bought a scroll of enchant armour for 142 gold pieces
 37713 | Depths:3 | Bought a scroll of enchant weapon for 142 gold pieces
 38345 | Depths:3 | Reached skill level 23 in Invocations
 38475 | Depths:3 | Found a one-way gateway to a ziggurat.
 39061 | Depths:4 | Entered Level 4 of the Depths
 39064 | Depths:4 | Noticed a juggernaut
 39072 | Depths:4 | Killed a juggernaut
 39320 | Depths:4 | Reached skill level 24 in Invocations
 39462 | Depths:4 | Noticed Sojobo
 39465 | Depths:4 | Killed Sojobo
 39660 | Depths:4 | Found a gate to the Realm of Zot.
 39660 | Depths:4 | Noticed a bone dragon
 39675 | Depths:4 | Killed a bone dragon
 39686 | Depths:4 | Your ally Wulfoc died
 39899 | Depths:4 | Reached skill level 25 in Invocations
 40046 | Depths:4 | Noticed Jory
 40051 | Depths:4 | Killed Jory
 41179 | Slime:1  | Entered Level 1 of the Pits of Slime
 41223 | Slime:1  | Gained mutation: Your magical capacity is low. (-10% MP) [a
                  | shining eye]
 41225 | Slime:1  | Reached XP level 21. HP: 201/201 MP: 0/34
 41498 | Slime:1  | Reached skill level 26 in Invocations
 41851 | Slime:4  | Gained mutation: You are weak. (Str -2) [a shining eye]
 41855 | Slime:4  | Gained mutation: You are dopey. (Int -2) [a shining eye]
 41926 | Slime:5  | Entered Level 5 of the Pits of Slime
 42020 | Slime:5  | Gained Gorm as an ally
 42143 | Slime:5  | Your ally Gorm died
 42149 | Slime:4  | Reached skill level 27 in Invocations
 42150 | Slime:4  | Gained Olfrun as an ally
 42154 | Slime:4  | HP: 13/301 [azure jelly (3)]
 42154 | Slime:4  | HP: 2/301 [azure jelly (11)]
 42154 | Slime:4  | Slain by an azure jelly

Illustrated notes

Levels and vault maps discovered:
D:1:      dpeg_arrival_yet_another_circle, layout_loops_corners,
          hellmonk_ecumenical_altar_lost_god,
          wander_ebering_terrifying_dragon_lair
D:2:      layout_loops_corners
D:3:      layout_loops_ring
D:4:      kennysheep_the_goblin_king, layout_gridville,
          mainiacjoe_overflow_concentric_impassable, nicolae_ossuary_entry_giza,
          roderic_roman_lattice, minmay_misc_feat_cross
D:5:      nicolae_BIG_FREAKIN_CUBE, layout_loops_cross,
          nicolae_overflow_hidden_temple, minmay_temple_entry_trees,
          serial_shops, shop, uniq_eustachio, uniq_sigmund
D:6:      kennysheep_slugbush, layout_basic, serial_shops, shop, shop, shop,
          shop, uniq_blork_the_orc, uniq_duvessa
D:7:      layout_loops_ring, minmay_a_box_with_orc_wizards_in_it
D:8:      layout_loops_cross, st_stairs_9, minmay_lindwurm_lava,
          uniq_prince_ribbit1
D:9:      layout_cave_pods, serial_shops, shop
D:10:     layout_roguey, erik_lair_orcish_takeover, orc_0_dummy
D:11:     layout_roguey
D:12:     layout_basic, gauntlet_entry_generic
D:13:     layout_cave_pods, erik_vaults_2, special_room [special_room_orc]
D:14:     cheibrodos_shockbox, layout_cave_pools, serial_ice, serial_ice_l,
          serial_ice_n, serial_ice_g, serial_ice_h, serial_shops, shop,
          zin_academy
D:15:     grunt_enter_depths_giant_problem, layout_irregular_city, minivault_26,
          uniq_agnes
Lair:1:   layout_regular_city, gammafunk_ghost_necromancy, uniq_urug,
          uniq_fannar
Lair:2:   layout_chaotic_city, minmay_snake_entry_six_corridors
Lair:3:   layout_hall_layers, skrybe_swamp_entry_bodies, beast_lair_carwin_6
Lair:4:   layout_regular_city, nicolae_quartered_pool_medium, minivault_19,
          lemuel_fruit_tree
Lair:5:   layout_loops_ring, slime_altar_1, special_room [special_room_bee],
          hellmonk_guarded_unrand_seven_league_boots, serial_bayou_shore_b
Lair:6:   due_jungle_book, layout_cave_pods, wad_woods_river_04
Swamp:1:  layout_basic_swamp, nicolae_swamp_oxbows, uniq_aizul
Swamp:2:  layout_basic_swamp, portal_ice_cave_entry_horrid_things,
          nicolae_swamp_well_well_well, swamp_pool3, grunt_ruined_hall
Swamp:3:  layout_basic_swamp, basic_altar, uniq_louise
Swamp:4:  swamp, layout_basic_swamp, infiniplex_staircase_pool
Snake:1:  layout_honeycomb, serial_shops, shop_statue, serial_bayou_shore_b
Snake:2:  layout_cave_shapes, uniq_saint_roka
Snake:3:  layout_misc_corridors, grunt_ministairs_7, uniq_nikola
Snake:4:  grunt_snake_rune_spirals, layout_onion,
          hangedman_snake_corridor_split, uniq_bai_suzhen
Slime:1:  layout_caves
Slime:2:  layout_caves
Slime:3:  cheibrodos_slime_lost_civilization_3, layout_caves
Slime:4:  layout_caves
Slime:5
Orc:1:    lemuel_ogre_cave, layout_caves, basic_altar, serial_shops, shop,
          mines2_lemuel
Orc:2:    kennysheep_orc_mage_school, layout_diamond_mine, basic_altar
Vaults:1: v_misc_2, vaults_mumra_minichess, nicolae_vaults_theta,
          grunt_vaults_swirl, hangedman_vaults_stretched_pinwheel, v_misc_9,
          vaults_room_fours, nicolae_vaults_yaktaur_gun_rack,
          layout_vaults_omnigrid
Depths:1: layout_long_grid, abyss_entry, hangedman_coc_ice_floe,
          nicolae_gozag_seed_capital, lemuel_nasty_fountain
Depths:2: evilmike_halls_of_destruction, layout_gridlike, pan_entry,
          nicolae_abyss_entry_one_way_or_another, hangedman_decor_points,
          hell_entry, uniq_enchantress
Depths:3: minmay_roctagon, layout_gridlike, enter_ziggurat_e, abyss_entry,
          grunt_dithmenos_smoke, grunt_hell_entry_dis_old, minmay_shop_star,
          infiniplex_staircase_9_rooms
Depths:4: grunt_crosshair, layout_long_grid,
          nicolae_hell_entry_hellmouth_sunbeams, serial_co_window_serial,
          co_window_paths_a, co_window_of_opportunity_a, co_window_corner_a,
          co_window_of_opportunity_a, co_window_corner_a, co_window_paths_c,
          co_window_corner_b, co_window_corner_ca, co_window_of_opportunity_c,
          co_window_4corner_a, glass_columns_b, glass_columns_b,
          hangedman_abyss_or_decor_jellyfish_corner, uniq_sojobo, uniq_jory

Skill      XL: |  1  2  3  4  5  6  7  8  9 10 11 12 13 14 15 16 17 18 19 20 21 |
---------------+----------------------------------------------------------------+-----
Axes           | 3 5 6 8 11 13 16 17 18 | 18.0
Fighting       | 4 7 12 13 14 15 16 17 18 20 | 20.0
Armour         | 4 7 10 14 16 17 18 19 20 | 20.0
Shields        | 4 5 10 14 | 14.0
Invocations    | 4 10 13 14 15 16 17 19 21 25 27 | 27.0
Dodging        | 2 |  2.0
Evocations     | 4 6 7 8 |  8.0

Action                   |  1- 3 |  4- 6 |  7- 9 | 10-12 | 13-15 | 16-18 | 19-21 || total
-------------------------+-------+-------+-------+-------+-------+-------+-------++-------
Melee: War axe           |    91 |   202 |   305 |   659 |   863 |       |       ||  2120
       Broad axe         |       |       |       |       |   103 |  1016 |   918 ||  2037
Throw: Dart              |       |       |     1 |    16 |    13 |       |     3 ||    33
Invok: Convert to Beogh  |       |       |       |     1 |       |       |       ||     1
       Smiting           |       |       |       |       |    15 |    18 |    20 ||    53
       Recall Orcish Fol |       |       |       |       |     5 |    11 |    11 ||    27
       Stop Recall       |       |       |       |       |     1 |     9 |     3 ||    13
       Give Item to Name |       |       |       |       |       |     1 |     2 ||     3
       Resurrection      |       |       |       |       |       |       |     1 ||     1
  Use: Potion            |       |       |     1 |     9 |     3 |     8 |    10 ||    31
       Scroll            |       |       |    11 |     9 |    22 |    10 |    11 ||    63
 Stab: Distracted        |       |       |       |       |     6 |    13 |     8 ||    27
       Paralysed         |       |       |       |       |     5 |       |       ||     5
       Invisible         |       |       |       |       |     2 |       |       ||     2
Armor: Scale mail        |    56 |    96 |    47 |       |       |       |       ||   199
       Plate armour      |       |       |    64 |   243 |       |       |       ||   307
       Crystal plate arm |       |       |       |   433 |  1001 |   629 |   728 ||  2791
       Skin              |       |       |       |       |       |       |     3 ||     3
Dodge: Dodged            |    47 |   110 |    75 |   237 |   293 |   165 |   183 ||  1110
Block: Buckler           |    38 |    41 |    44 |   160 |   202 |       |       ||   485
       Kite shield       |       |       |       |       |    50 |   538 |   480 ||  1068
